 Dungeon Crawl Stone Soup version 0.31-a0-188-g5e087ee2ca (webtiles) character file.

Game seed: 2299771963423602090

24 qw the Shooter (level 2, -1/16 HPs)
             Began as a Deep Elf Hunter on June 23, 2023.
             Slain by an adder (2 damage)
             ... on level 2 of the Dungeon.
             The game lasted 00:00:15 (725 turns).

qw the Shooter (Deep Elf Hunter)                     Turns: 725, Time: 00:00:16

Health: -1/16      AC:  3    Str:  8    XL:     2   Next: 79%
Magic:  4/4        EV: 12    Int: 13    God:
Gold:   60         SH:  0    Dex: 18    Spells: 1/1 levels left

rFire   . . .        Y - +0 shortbow
rCold   . . .        (shield currently unavailable)
rNeg    . . .        c - +0 leather armour
rPois   .            (no helmet)
rElec   .            (no cloak)
rCorr   .            (no gloves)
SInv    .            (no boots)
Will    .....        f - amulet of faith
Stlth   ++           (no ring)
HPRegen 0.22/turn    (no ring)
MPRegen 0.09/turn

%: faith
@: lethally poisoned (-1 -> -3)
A: no striking features
a: no special abilities


You were on level 2 of the Dungeon.
You visited 1 branch of the dungeon, and saw 2 of its levels.

You collected 60 gold pieces.


   Skills:
 - Level 1.5 Fighting
 + Level 6.5 Ranged Weapons
 - Level 2.4 Dodging
 - Level 1.2 Stealth


You had one spell level left.
You didn't know any spells.
Your spell library was empty.

Inventory:

Hand Weapons
 Y - a +0 shortbow (weapon)
Armour
 c - a +0 leather armour (worn)
Jewellery
 f - an amulet of faith (around neck)
Potions
 a - a potion of lignification {unknown}
 d - a potion of attraction {unknown}

Dungeon Overview and Level Annotations

Branches:
Dungeon (2/15)

Altars:


Message History

You open the door.
There is an open door here.
There is a stone staircase leading down here.
An adder comes into view.
Enter note:
Enter note: You shoot an arrow.
The arrow hits the adder!
The adder hisses angrily.
The adder is severely wounded.
You shoot an arrow.
The arrow hits the adder but does no damage.
The adder is severely wounded.
You shoot an arrow. The arrow barely misses the adder.
You shoot an arrow.
The arrow hits the adder but does no damage.
The adder is severely wounded.
You shoot an arrow. The arrow closely misses the adder.
The adder misses you. The adder bites you.
You shoot an arrow. The arrow barely misses the adder.
The adder bites you.
You are poisoned.
The adder poisons you!
You shoot an arrow. The arrow barely misses the adder.
You feel sick. The adder bites you but does no damage.
The adder barely misses you.
You shoot an arrow. The arrow closely misses the adder.
You feel sick. The adder bites you but does no damage.
You shoot an arrow. The arrow barely misses the adder.
You feel sick. The adder bites you. The adder barely misses you.
You shoot an arrow. The arrow completely misses the adder.
You feel sick. The adder bites you.
You shoot an arrow. The arrow barely misses the adder.
You feel sick. The adder bites you.
You are lethally poisoned!
The adder poisons you! The adder bites you but does no damage.
You shoot an arrow. The arrow barely misses the adder.
You feel sick. The adder closely misses you.
You shoot an arrow. The arrow completely misses the adder.
You feel sick. The adder bites you.
You die...

>.......#.......>..##########.#
###.#...#...###...............#
# #...#####.# ##.##############
# ###...#...# #.# ######..#.###
#.# ..........# #.# ###########
#.# #.# #@# #S# #.# ... ..#
#... .... ....


You could see an adder.

Vanquished Creatures
  2 dart slugs (D:1)
  An endoplasm (D:1)
  A giant cockroach (D:1)
  2 goblins (D:1)
  A hobgoblin (D:1)
  5 kobolds (D:1)
  2 ball pythons (D:1)
  2 bats (D:1)
  2 rats (D:1)
18 creatures vanquished.

Notes
Turn   | Place    | Note
-------+----------+-------------------------------------------
     0 | D:1      | qw the Deep Elf Hunter began the quest for the Orb.
     0 | D:1      | Reached XP level 1. HP: 12/12 MP: 3/3
     0 | D:1      | 0 ||| qw: Version: 0.3-a-9-g12657ce
     0 | D:1      | 0 ||| qw: Game counter: 4159
     0 | D:1      | 0 ||| qw: Always use a shield: true
     0 | D:1      | 0 ||| qw: God list: Okawaru
     0 | D:1      | 0 ||| qw: Allow faded altars: false
     0 | D:1      | 0 ||| qw: Do Orc after D:15 true
     0 | D:1      | 0 ||| qw: Do second Lair branch before Depths: true
     0 | D:1      | 0 ||| qw: Lair rune preference: random
     0 | D:1      | 0 ||| qw: Plans: Normal
     0 | D:1      | 0 ||| PLANNING D:1-11
   130 | D:1      | Reached XP level 2. HP: 16/16 MP: 4/4
   136 | D:1      | Reached skill level 6 in Ranged Weapons
   391 | D:1      | 391 ||| UPGRADING to amulet of faith.
   396 | D:1      | 396 ||| READING scroll labelled HUZISE LIPIUSKI.
   397 | D:1      | 397 ||| DROPPING scroll of butterflies.
   723 | D:2      | HP: 4/16 [poisoned by an adder]
   725 | D:2      | HP: 1/16 [poisoned by an adder]
   725 | D:2      | Slain by an adder

Levels and vault maps discovered:
D:1:      scummos_arrival_simple_crosswalls, layout_rooms
D:2:      layout_loops_corners, serial_shops, nicolae_shop_trees, uniq_terence

Skill      XL: |  1  2 |
---------------+-------+-----
Ranged Weapons | 6 |  6.5
Fighting       | |  1.5
Dodging        | |  2.4
Stealth        | |  1.2

Action                     || total
---------------------------++-------
   Fire: Shortbow          ||    63
    Use: Scroll            ||     1
 Armour: Leather armour    ||     6
  Dodge: Dodged            ||    12

Table legend:
 A = Non-vault XP
 B = Vault XP
 C = Vault XP percentage of total XP
 D = Non-vault monster count
 E = Vault monster count
 F = Vault count percentage of total count
                 A         B        C        D         E       F
            +---------+---------+-------+---------+---------+-------
      Total |      35 |       0 |   0.0 |      18 |       0 |   0.0
            +---------+---------+-------+---------+---------+-------
        D:1 |      35 |       0 |   0.0 |      18 |       0 |   0.0
            +---------+---------+-------+---------+---------+-------
